 Dungeon Crawl Stone Soup version 0.32-a0-792-g3d70bf0 (webtiles) character file.

Game seed: 7245873780429603871

256 Dorkslayer the Chopper (level 6, -2/43 HPs)
             Began as an Octopode Fighter on Mar 20, 2024.
             Slain by an orc
             ... wielding a +0 morningstar
              (9 damage)
             ... on level 3 of the Dungeon.
             The game lasted 00:03:54 (1754 turns).

Dorkslayer the Chopper (Octopode Fighter)           Turns: 1754, Time: 00:03:55

Health: -2/43      AC:  1    Str: 18    XL:     6   Next: 16%
Magic:  6/6        EV: 12    Int: 10    God:
Gold:   125        SH:  4    Dex: 11    Spells: 5/5 levels left

rFire   . . .        a - +0 war axe
rCold   . . .        b - +0 buckler
rNeg    . . .        (helmet restricted)
rPois   .            (no amulet)
rElec   .            (no ring)
rCorr   .            (no ring)
SInv    .            (no ring)
Will    .....        (no ring)
Stlth   +++          (no ring)
HPRegen 0.27/turn    (no ring)
MPRegen 0.10/turn    (no ring)
                     (no ring)

%: no passive effects
@: mighty
A: almost no armour, amphibious, 8 rings, camouflage 1, gelatinous body 1,
(nimble swimmer 1), tentacles
a: no special abilities


You were on level 3 of the Dungeon.
You visited 1 branch of the dungeon, and saw 3 of its levels.

You collected 125 gold pieces.

Inventory:

Hand Weapons
 a - a +0 war axe (weapon)
 n - a +0 war axe
Armour
 b - a +0 buckler (worn)
Scrolls
 d - 2 scrolls of immolation {unknown}
 e - a scroll of revelation {unknown}
 f - 2 scrolls of teleportation {unknown}
 g - a scroll of brand weapon {unknown}
 i - a scroll of blinking {unknown}
 l - a scroll of poison {unknown}
 m - a scroll of noise {unknown}
 p - a scroll of vulnerability {unknown}
Potions
 h - 2 potions of curing {unknown}
 j - a potion of heal wounds {unknown}
 k - a potion of enlightenment {unknown}
 o - a potion of ambrosia {unknown}


   Skills:
 + Level 4.1 Fighting
 + Level 4.3 Axes
 + Level 3.5 Dodging
 + Level 2.8 Stealth
 + Level 3.4 Shields


You had 5 spell levels left.
You didn't know any spells.
Your spell library contained the following spells:

 Spells                   Type           Power      Damage    Failure   Level
 Shock                    Conj/Air       0%         1d3       43%         1
 Static Discharge         Conj/Air       0%         3-3/arc   58%         2
 Airstrike                Air            0%         2d(0-16)  99%         4
 Summon Lightning Spire   Summ/Air       0%         N/A       99%         4
 Malign Gateway           Summ/Tloc      0%         N/A       100%        7
 Chain Lightning          Conj/Air       0%         N/A       100%        9


Dungeon Overview and Level Annotations

Branches:
Dungeon (3/15)

Altars:
Xom

Shops:
D:3 =


Innate Abilities, Weirdness & Mutations

You cannot wear most types of armour.
You are amphibious.
You can wear up to eight rings at the same time.
Your skin changes colour to match your surroundings (Stealth+).
Your rubbery body absorbs attacks. (AC +1, EV +1)
((You are camouflaged when in or above water. (Stealth+)))
You have tentacles for arms and can constrict up to eight enemies at once.


Message History

Found a stone staircase leading up.
The dart slug launches a dart at you. The slug dart misses you.
The hobgoblin shouts!
You hear a shout!
The hobgoblin throws a boomerang.
The boomerang barely misses you.
The orc priest threatens, "Beogh's wrath is as vast as their mercy.
Make your choice!" (press Y on the ability menu to convert to Beogh)
You slash the dart slug!
You kill the dart slug!
The hobgoblin throws a boomerang.
The boomerang closely misses you.
You have reached level 6!
An endoplasm comes into view.
The orc priest mumbles some strange prayers to Beogh against you.
Pain shoots through your body! The hobgoblin hits you.
You barely miss the hobgoblin. Your grab misses the hobgoblin.
You block the hobgoblin's attack.
The orc priest invokes the aid of Beogh against you.
Pain shoots through your body!
The hobgoblin throws a boomerang.
The boomerang misses you.
You slash the orc priest! You grab the orc priest.
The orc priest is almost dead.
You constrict the orc priest!
You kill the orc priest!
An orc comes into view. It is wielding a +0 morningstar.
You barely miss the hobgoblin. Your grab misses the hobgoblin.
You block the hobgoblin's attack. The hobgoblin misses you.
You barely miss the hobgoblin. You grab the hobgoblin.
You squeeze the hobgoblin.
You kill the hobgoblin!
You hit the endoplasm. The endoplasm freezes you.
You are frozen.
You slash the endoplasm!
You kill the endoplasm!
The orc hits you with a +0 morningstar!
* * * LOW HITPOINT WARNING * * *
You completely miss the orc. Your grab misses the orc. You squeeze the orc.
The orc is heavily wounded.
The orc hits you with a +0 morningstar!
You die...

.. ### .. #.. .. #...
<#.... .. #.... ......
.. .....#### ###.#...
...
........###.....#####♣..
......o............. .~
.......@..........# ♣♣.
.......(..........# ♣.~
.................♣♣♣♣♣♣~
....#######......♣♣~♣♣~~
### #.$...).~~..~~
#......~♣♣♣♣~~
#....).♣♣♣♣♣♣.
#.......♣..♣P~
....?##...#.♣♣♣.


You could see an orc.

Vanquished Creatures
  Sigmund (D:3)
  An orc priest (D:3)
  An adder (D:3)
  3 dart slugs
  2 ball pythons
  5 bats (D:1)
  4 endoplasms
  A giant cockroach (D:3)
  2 goblins
  4 hobgoblins
  3 jackals (D:2)
  2 quokkas
  2 frilled lizards
  10 kobolds
  4 rats
45 creatures vanquished.

Notes
Turn   | Place    | Note
-------+----------+-------------------------------------------
     0 | D:1      | Dorkslayer the Octopode Fighter began the quest for the
                  | Orb.
     0 | D:1      | Reached XP level 1. HP: 16/16 MP: 1/1
   229 | D:1      | Reached XP level 2. HP: 21/21 MP: 2/2
   567 | D:2      | Reached XP level 3. HP: 25/26 MP: 3/3
  1005 | D:2      | Found a shimmering altar of Xom.
  1241 | D:2      | Got Qeat's Volume of Wispy Dislocation
  1485 | D:3      | Found Siusiz's Jewellery Emporium.
  1635 | D:3      | Reached skill level 1 in Stealth
  1731 | D:3      | Noticed Sigmund
  1737 | D:3      | Killed Sigmund
  1738 | D:3      | Reached XP level 4. HP: 20/33 MP: 4/4
  1738 | D:3      | Reached XP level 5. HP: 22/37 MP: 5/5
  1747 | D:3      | Reached XP level 6. HP: 29/43 MP: 6/6
  1754 | D:3      | Slain by an orc

Illustrated notes

Levels and vault maps discovered:
D:1:      minmay_arrival_split_and_join, layout_rooms, minmay_octomino_c4
D:2:      layout_loops_corners, basic_altar
D:3:      layout_basic, serial_bayou, serial_bayou_lagoon_b,
          serial_bayou_pond_c, serial_bayou_crossing, serial_bayou_pond_b,
          serial_shops, nicolae_shop_tiny_glass, uniq_sigmund, uniq_jessica

Skill      XL: |  1  2  3 |
---------------+----------+-----
Stealth        | 2 |  2.8
Fighting       | 4 |  4.1
Axes           | 4 |  4.3
Dodging        | |  3.5
Shields        | |  3.4

Action                     |  1- 3 |  4- 6 || total
---------------------------+-------+-------++-------
  Melee: War axe           |    60 |     8 ||    68
         Constrict         |    25 |     3 ||    28
         Tentacles         |    13 |     2 ||    15
    Use: Potion            |     1 |       ||     1
   Stab: Sleeping          |     3 |       ||     3
         Distracted        |     1 |       ||     1
 Armour: Skin              |    31 |     3 ||    34
  Dodge: Dodged            |    36 |     5 ||    41
  Block: Buckler           |    16 |     3 ||    19

Table legend: (Time is in decaauts)
 A = Elapsed time spent in this place.
 B = Non-inter-level travel time spent in this place.
 C = Inter-level travel time spent in this place.
 D = Time resting spent in this place.
 E = Time spent auto-exploring this place.
 F = Levels seen in this place.
 G = Mean time per level.
                   A        B        C        D        E       F      G
               +--------+--------+--------+--------+--------+-----+--------+
         Total |   1781 |   1781 |      0 |      0 |   1021 |   3 |  593.7 |
       Dungeon |   1781 |   1781 |      0 |      0 |   1021 |   3 |  593.7 |
               +--------+--------+--------+--------+--------+-----+--------+

Top non-repeatable levels by time:
     D:2: 850 daAuts
     D:1: 574 daAuts
     D:3: 356 daAuts
